 Dungeon Crawl Stone Soup version 0.23-a0-126-g19e28b46dc (webtiles) character file.

203847 Kolash the Imperceptible (level 18, -11/97 HPs)
             Began as a Spriggan Enchanter on Aug 26, 2018.
             Was the Champion of Dithmenos.
             Mangled by a spark wasp (15 damage)
             ... on level 1 of the Depths.
             The game lasted 02:27:47 (41073 turns).

Kolash the Imperceptible (Spriggan Enchanter)      Turns: 41073, Time: 02:27:48

Health: -11/97     AC: 10    Str: 16    XL:     18   Next: 37%
Magic:  35/37      EV: 34    Int: 23    God:    Dithmenos [******]
Gold:   1529       SH:  5    Dex: 21    Spells: 30/46 levels left

rFire    + + .     SeeInvis +   m - +4 rapier (drain)
rCold    + + .     Gourm    .   (shield restricted)
rNeg     . . .     Faith    .   U - +4 robe of Augmentation {Str+4 Int+4 Dex+4}
rPois    .         Spirit   .   (helmet restricted)
rElec    .         Reflect  +   a - +2 cloak {rF+}
rCorr    .         Harm     .   (gloves unavailable)
MR       +++..                  (boots unavailable)
Stlth    ++++++++++             c - +5 amulet of reflection
HPRegen  0.26/turn              l - ring "Yschaniph" {rC+ Str+3}
MPRegen  0.25/turn              F - ring of protection from fire

@: wreathed by umbra, very quick
A: very small, unfitting armour, rugged brown scales 1, see invisible, cold
resistance 1, herbivore, speed 3, slow metabolism 2
a: Shadow Step, Shadow Form, Renounce Religion


You were on level 1 of the Depths.
You worshipped Dithmenos.
Dithmenos was exalted by your worship.
You were full.

You visited 6 branches of the dungeon, and saw 27 of its levels.
You also visited: Labyrinth, Sewer, Ossuary, Bailey and Volcano.

You collected 2957 gold pieces.
You spent 1428 gold pieces at shops.

Inventory:

Hand Weapons
 m - a +4 rapier of draining (weapon)
 J - a +0 rapier of electrocution
 W - a +3 rapier of electrocution
Missiles
 h - 4 throwing nets (quivered)
Armour
 a - a +2 cloak of fire resistance (worn)
 U - the +4 robe of Augmentation (worn) {Str+4 Int+4 Dex+4}
   (You bought it in a shop on level 2 of the Orcish Mines)

   It affects your strength (+4).
   It affects your intelligence (+4).
   It affects your dexterity (+4).
Jewellery
 c - a +5 amulet of reflection (around neck)
 g - a +2 ring of evasion
 l - the ring "Yschaniph" (left hand) {rC+ Str+3}
   (You found it on level 2 of the Lair of Beasts)

   [ring of protection from cold]

   It affects your strength (+3).
   It protects you from cold.
 r - an uncursed ring of flight
 F - a ring of protection from fire (right hand)
 I - an uncursed ring of wizardry
Wands
 w - a wand of paralysis (8)
 x - a wand of polymorph (21)
 y - a wand of iceblast (8)
 A - a wand of random effects (60)
 C - a wand of flame (33)
 G - a wand of enslavement (10)
 V - a wand of scattershot (2)
Scrolls
 j - 11 scrolls of amnesia
 s - 2 scrolls of immolation
 u - 5 scrolls of fear
 v - 11 scrolls of teleportation
 B - 8 scrolls of enchant armour
 E - 3 scrolls of magic mapping
 H - 10 scrolls of identify
 L - 4 scrolls of remove curse
 X - 2 scrolls of fog
 Y - a scroll of brand weapon
Potions
 e - 4 potions of haste
 f - 3 potions of agility
 i - 5 potions of heal wounds
 k - 3 potions of lignification
 n - 6 potions of ambrosia
 o - 3 potions of berserk rage
 p - 3 potions of cancellation
 q - 4 potions of flight
 t - 3 potions of might
 z - 11 potions of curing
 D - 2 potions of resistance
 M - 2 potions of brilliance
 O - 7 potions of mutation
 Q - 2 potions of magic
Miscellaneous
 K - a lightning rod (4/4)
 P - a lamp of fire
Comestibles
 d - 24 rations


   Skills:
 + Level 10.3 Fighting
 - Level 14.0 Short Blades
 + Level 16.4 Dodging
 + Level 21.7 Stealth
 + Level 14.8 Spellcasting
 * Level 17.1 Hexes


You had 30 spell levels left.
You knew the following spells:

 Your Spells              Type           Power        Failure   Level  Hunger
a - Ensorcelled Hibernat  Hex/Ice        ######       1%          2    None
b - Corona                Hex            #######      0%          1    None
c - Confuse               Hex            #######.     0%          3    None
d - Tukima's Dance        Hex            #######.     0%          3    None
e - Dazzling Spray        Conj/Hex       ######       1%          3    None
f - Cause Fear            Hex            #######...   1%          4    None

Your spell library contained the following spells:

 Spells                   Type           Power        Failure   Level  Hunger
 Slow                     Hex            #######.     0%          2    None
 Inner Flame              Hex/Fire       ######..     1%          3    None
 Summon Guardian Golem    Hex/Summ       ######..     1%          3    None
 Fulminant Prism          Conj/Hex       ######....   1%          4    None
 Silence                  Hex/Air        ######....   2%          5    ##.....
 Yara's Violent Unravell  Hex/Tmut       ######....   2%          5    ##.....
 Animate Skeleton         Necr           N/A          3%          1    None
 Flame Tongue             Conj/Fire      ###..        3%          1    None
 Freeze                   Ice            ###.         3%          1    None
 Magic Dart               Conj           ###.         3%          1    None
 Sandblast                Erth           ###...       3%          1    None
 Summon Small Mammal      Summ           ###.         3%          1    None
 Blink                    Tloc           N/A          5%          2    None
 Call Imp                 Summ           ###.....     5%          2    None
 Passwall                 Tmut/Erth      ###.....     5%          2    None
 Poisonous Vapours        Pois/Air       ###...       5%          2    None
 Searing Ray              Conj           ###...       5%          2    None
 Throw Flame              Conj/Fire      ###...       5%          2    None
 Throw Frost              Conj/Ice       ###...       5%          2    None
 Call Canine Familiar     Summ           ###.....     11%         3    None
 Conjure Flame            Conj/Fire      ###.....     11%         3    None
 Mephitic Cloud           Conj/Pois/Air  ###.....     11%         3    None
 Ozocubu's Armour         Chrm/Ice       ###.....     11%         3    None
 Spider Form              Tmut/Pois      ###.......   11%         3    None
 Stone Arrow              Conj/Erth      ###...       11%         3    None
 Force Lance              Conj/Tloc      ###.....     34%         4    None
 Iskenderun's Mystic Bla  Conj           ###.....     34%         4    None
 Petrify                  Tmut/Erth      ###.....     34%         4    None
 Sticky Flame             Conj/Fire      ###.....     34%         4    None
 Summon Ice Beast         Ice/Summ       ###.....     34%         4    None
 Summon Lightning Spire   Summ/Air       ###.....     34%         4    None
 Throw Icicle             Conj/Ice       ###.....     34%         4    None
 Bolt of Draining         Conj/Necr      ###.......   67%         5    ##.....
 Fireball                 Conj/Fire      ###.......   67%         5    ##.....
 Irradiate                Conj/Tmut      ###.......   67%         5    ##.....
 Lee's Rapid Deconstruct  Erth           ###.......   67%         5    ##.....
 Conjure Ball Lightning   Conj/Air       ###.......   99%         6    #####..
 Deflect Missiles         Chrm/Air       ###.......   99%         6    #####..
 Iron Shot                Conj/Erth      ###.......   99%         6    #####..
 Disjunction              Tloc           ###.......   100%        8    #######
 Dragon's Call            Summ           ###.......   100%        9    #######
 Tornado                  Air            ###.......   100%        9    #######


Dungeon Overview and Level Annotations

Branches:
Dungeon (15/15)            Temple (1/1) D:7            Lair (6/6) D:11
  Swamp (0/4) Lair:2       Spider (0/4) Lair:3        Slime (0/5) Lair:5
    Orc (2/2) D:10            Elf (1/3) Orc:2        Vaults (0/5) D:13
 Depths (2/5) D:15

Altars:
Ashenzari
Cheibriados
Dithmenos
Elyvilon
Fedhas
Gozag
Hepliaklqana
Kikubaaqudgha
Makhleb
Nemelex Xobeh
Okawaru
Qazlal
Ru
Sif Muna
Trog
Uskayaw
Vehumet
Wu Jian
Xom
Yredelemnul
Zin
The Shining One
Jiyva

Shops:
D:8 %?(%   D:9 %   D:13 [   Orc:2 (?[[

Portals:
Hell: Depths:1
Ziggurat: Depths:1

Annotations:
Lair:1 exclusion: 2 oklob plants


Innate Abilities, Weirdness & Mutations

You are very small and have problems with some larger weapons.
You are too small for most types of armour.
You have supernaturally acute eyesight. (SInv)
You are a herbivore.
You cover ground extremely quickly.
You need to consume almost no food.
You are partially covered in rugged brown scales. (AC +1, +3% HP)
Your flesh is cold resistant. (rC+)


Message History

You block the spark wasp's attack.
The ice dragon roars deafeningly!
You climb upwards.
There is a stone staircase leading down here.
Okay, then.
Unknown command.
Unknown command.
Unknown command.
You feel much better. The spark wasp closely misses you.
The spark wasp barely misses you.
Casting: Confuse (safe; 0% risk of failure)
Confirm with . or Enter, or press ? or * to list all spells.
Aiming: Ensorcelled Hibernation (safe; 1% risk of failure)
Press: ? - help, Shift-Dir - straight line, f - spark wasp
Aim: a spark wasp (umbra, chance to defeat MR: 55%)
The spark wasp looks drowsy...
The spark wasp misses you. The spark wasp stings you!!
* * * LOW HITPOINT WARNING * * *
The spark wasp shocks you!
You die...

..#.###.#..(########'............
..#.##..#........)...............
###....##.......######...........
....#####.......# ############
##### #####'### #### #...# ...#
##########.#### ...#
#.............#
.g.###..[......y@.(#
...#...<.........y.#
.....#.............#
...###............(# ...#
#.............# ####
#.............# ###############


You could see 2 spark wasps.

Vanquished Creatures
  Nikola (Elf:1)
  Donald (Orc:2)
  A tengu reaver (D:15)
  2 frost giants (D:15)
  An orc warlord (Orc:2)
  A fire giant (Depths:1)
  3 very ugly things (Depths:1)
  3 stone giants (Depths:1)
  A vampire knight (D:15)
  Nessos (Lair:4)
  A minotaur (Lab)
  4 ettins (Depths:1)
  4 yaktaur captains
  Snorg (Lair:3)
  A great orb of eyes (shapeshifter) (D:14)
  A fire dragon (Depths:1)
  A great orb of eyes (Depths:1)
  The ghost of drwowa the Basher, a journeyman GrBe of Trog (Lair:2)
  An ice dragon (Depths:1)
  2 rakshasas (Depths:1)
  7 hydras
  Erolcha (D:10)
  A merfolk avatar (Lair:6)
  13 centaur warriors
  4 ogre magi
  17 two-headed ogres
  2 dancing weapons (Elf:1)
  A tengu warrior (Depths:1)
  3 orc high priests (Orc:2)
  Urug (D:10)
  A deep troll earth mage (D:15)
  10 deep elf knights
  A hell knight (Volcano)
  A fire crab (Lair:5)
  A deep troll (D:15)
  5 skeletal warriors
  4 unseen horrors
  A sea snake (Lair:6)
  3 harpies
  A golden dragon skeleton (Depths:1)
  2 necromancers
  2 wizards (Depths:1)
  4 deep elf archers (Elf:1)
  20 deep elf magi
  5 orc knights
  Pikel (D:7)
  A frost giant zombie (Depths:1)
  5 orc sorcerers (Orc:2)
  16 ugly things
  22 elephants
  4 manticores
  10 cyclopes
  4 black mambas
  A smoke demon (Volcano)
  A guardian serpent (shapeshifter) (D:15)
  Psyche (D:8)
  2 torpor snails
  2 molten gargoyles (Volcano)
  9 centaur skeletons
  9 komodo dragons
  14 spiny frogs
  A rime drake (Lair:6)
  A freezing wraith (D:15)
  12 yaktaurs (Depths:1)
  2 kobold demonologists
  3 tengu conjurers
  A spriggan skeleton (Depths:1)
  2 red devils (Volcano)
  A troll (shapeshifter) (D:15)
  3 meliai (D:14)
  11 trolls
  9 polar bears
  2 hornets
  Prince Ribbit (D:8)
  17 blink frogs
  4 dream sheep (Lair:4)
  A dream sheep (shapeshifter) (D:15)
  A wraith (D:13)
  9 hippogriffs
  33 yaks
  3 spriggans (Lair:2)
  2 shadows
  3 wyverns
  A spriggan (shapeshifter) (D:13)
  4 basilisks
  A human (shapeshifter) (D:15)
  A human (D:8)
  A fire elemental (Elf:1)
  3 hogs (D:8)
  6 vampire mosquitoes
  5 hungry ghosts
  A harpy simulacrum (D:15)
  15 water moccasins
  5 wargs
  5 acid dragons (D:15)
  A hell hound (Volcano)
  Purgy (Sewer)
  28 orc warriors
  A swamp drake (Lair:2)
  8 porcupines
  A slave (D:7)
  7 ice beasts
  5 sky beasts
  A black bear (D:6)
  A necrophage (D:14)
  8 boggarts
  5 phantoms
  18 ogres
  16 wolves
  19 centaurs
  23 crocodiles
  2 big kobolds
  Blork the orc (D:4)
  22 bullfrogs
  2 earth elementals (Elf:1)
  5 water moccasin zombies (Ossuary)
  A hornet simulacrum (D:15)
  7 scorpions
  A wyvern skeleton (D:7)
  5 killer bees (D:10)
  10 wights
  An electric eel (Lair:1)
  2 howler monkeys (D:7)
  A lava snake (Volcano)
  4 centaur zombies
  7 crimson imps
  A bullfrog zombie (D:12)
  A quasit (D:11)
  6 hounds
  5 jellies
  13 orc priests
  5 bullfrog skeletons
  6 iguanas
  17 orc wizards
  8 worker ants
  6 ogre zombies (D:10)
  A big kobold zombie (Ossuary)
  A hound zombie (D:10)
  A hound skeleton (D:10)
  2 mummies (Ossuary)
  2 worker ant zombies
  13 adders
  21 gnolls
  2 shadow imps
  An ooze (D:2)
  4 adder zombies (Ossuary)
  2 adder skeletons (D:9)
  3 worms
  A ball lightning (Lair:6)
  A dart slug (D:3)
  6 leopard geckos
  79 orcs
  8 giant cockroaches
  2 gnoll zombies (Ossuary)
  13 hobgoblins
  12 jackals
  6 quokkas
  2 ball pythons
  13 bats
  5 frilled lizards
  12 goblins
  2 goblin skeletons (D:10)
  A goblin zombie (D:10)
  2 hobgoblin skeletons (D:10)
  3 hobgoblin zombies
  31 kobolds
  8 kobold zombies (Ossuary)
  An orc skeleton (D:10)
  17 orc zombies
  2 quokka skeletons
  7 rats
  A fungus (Lair:5)
985 creatures vanquished.

Vanquished Creatures (collateral kills)
  An orc warlord (Orc:2)
  A worker ant (D:8)
  2 gnolls
  An orc (D:8)
5 creatures vanquished.

Vanquished Creatures (others)
  An ugly thing (D:14)
  2 slaves (D:7)
  A boggart (Depths:1)
  A wight (D:7)
  A howler monkey (D:7)
  A worker ant (D:14)
  2 orcs (Orc:2)
  2 kobolds
  An orc zombie (Ossuary)
  9 fungi
  38 plants
59 creatures vanquished.

Grand Total: 1049 creatures vanquished

Notes
Turn   | Place    | Note
-------+----------+-------------------------------------------
     0 | D:1      | Kolash the Spriggan Enchanter began the quest for the Orb.
     0 | D:1      | Reached XP level 1. HP: 9/9 MP: 5/5
  1013 | D:1      | Reached XP level 2. HP: 13/13 MP: 7/7
  1017 | D:1      | Learned a level 2 spell: Ensorcelled Hibernation
  1585 | D:2      | Found a shattered altar of Ashenzari.
  1927 | D:2      | Reached XP level 3. HP: 15/16 MP: 3/9
  1932 | D:2      | Learned a level 3 spell: Confuse
  1936 | D:2      | Learned a level 3 spell: Tukima's Dance
  2380 | D:2      | Reached XP level 4. HP: 16/21 MP: 6/11
  2828 | D:3      | Reached skill level 5 in Hexes
  4456 | D:3      | Reached XP level 5. HP: 23/24 MP: 13/13
  4607 | D:3      | Learned a level 3 spell: Dazzling Spray
  4745 | D:4      | Found a glowing golden altar of the Shining One.
  4767 | D:4      | Reached skill level 5 in Stealth
  4780 | D:4      | Found a shimmering altar of Xom.
  4961 | D:4      | Found a glowing drain.
  4971 | Sewer    | Entered a sewer
  5211 | Sewer    | Noticed Purgy
  5248 | Sewer    | Killed Purgy
  5248 | Sewer    | Reached skill level 7 in Stealth
  5248 | Sewer    | Reached XP level 6. HP: 25/28 MP: 6/14
  5355 | D:4      | Noticed Blork the orc
  5415 | D:4      | Killed Blork the orc
  5415 | D:4      | Reached skill level 8 in Stealth
  5934 | D:5      | Entered Level 5 of the Dungeon
  5984 | D:5      | Found an opulent altar of Gozag.
  6026 | D:5      | Found a sand-covered staircase.
  6084 | D:5      | Reached skill level 9 in Stealth
  6095 | Ossuary  | Entered an ossuary
  6166 | Ossuary  | Reached XP level 7. HP: 25/32 MP: 12/15
  6212 | Ossuary  | Reached skill level 10 in Stealth
  6952 | Ossuary  | Reached skill level 11 in Stealth
  7675 | D:5      | Reached skill level 12 in Stealth
  7720 | D:5      | Reached XP level 8. HP: 36/36 MP: 7/16
  7832 | D:5      | Reached skill level 13 in Stealth
  8166 | D:5      | Found a bloodstained altar of Trog.
  8167 | D:5      | Found an iron altar of Okawaru.
  8186 | D:5      | You fall through a shaft for 3 floors!
  8213 | D:8      | Reached skill level 14 in Stealth
  8405 | D:8      | Reached skill level 15 in Stealth
  8544 | D:7      | Reached skill level 5 in Spellcasting
  8726 | D:8      | Found Diatyr's Food Shoppe.
  9108 | D:7      | Reached skill level 1 in Fighting
  9108 | D:7      | Reached XP level 9. HP: 36/41 MP: 7/17
 10721 | D:7      | Noticed Pikel
 10730 | D:7      | Killed Pikel
 10730 | D:7      | Reached skill level 5 in Dodging
 11188 | D:7      | Found a staircase to the Ecumenical Temple.
 11198 | Temple   | Entered the Ecumenical Temple
 11246 | Temple   | Became a worshipper of Dithmenos the Shadowed
 11522 | D:7      | Found a snail-covered altar of Cheibriados.
 11725 | D:7      | Found a blossoming altar of Fedhas.
 12184 | D:8      | Found Nustunk's Magic Scroll Emporium.
 12184 | D:8      | Noticed Prince Ribbit
 12222 | D:8      | Killed Prince Ribbit
 12623 | D:8      | Found Wiehupo's Antique Weapon Emporium.
 12922 | D:8      | Found Ohyfacil's Food Boutique.
 12974 | D:8      | Reached XP level 10. HP: 48/48 MP: 18/21
 13360 | D:8      | Found a burning altar of Makhleb.
 13774 | D:8      | Noticed Psyche
 13781 | D:8      | Found a sparkling altar of Nemelex Xobeh.
 13794 | D:8      | Reached * piety under Dithmenos
 13797 | D:8      | Killed Psyche
 13797 | D:8      | Reached skill level 16 in Stealth
 14080 | D:9      | Found a hazy altar of Hepliaklqana.
 14290 | D:9      | Noticed a two-headed ogre
 14296 | D:9      | Killed a two-headed ogre
 14296 | D:9      | Reached skill level 5 in Short Blades
 14385 | D:9      | Found a burning altar of Makhleb.
 14531 | D:9      | Found Bacaes's Food Shop.
 14749 | D:10     | Entered Level 10 of the Dungeon
 14782 | D:10     | Found a staircase to the Orcish Mines.
 14868 | D:10     | Reached ** piety under Dithmenos
 15062 | D:10     | Noticed Erolcha
 15071 | D:10     | Killed Erolcha
 15071 | D:10     | Reached XP level 11. HP: 53/53 MP: 22/24
 15126 | D:10     | Noticed Urug
 15150 | D:10     | Killed Urug
 15952 | D:10     | Found a bloodstained altar of Trog.
 15983 | D:10     | Reached *** piety under Dithmenos
 16164 | D:11     | Noticed a two-headed ogre
 16190 | D:11     | Killed a two-headed ogre
 16251 | D:11     | Found a staircase to the Lair.
 16361 | D:11     | Reached skill level 17 in Stealth
 16364 | D:11     | Reached skill level 5 in Fighting
 16452 | D:11     | Noticed a green ugly thing
 16452 | D:11     | Noticed a two-headed ogre
 16597 | D:11     | Killed a green ugly thing
 16655 | D:11     | Killed a two-headed ogre
 17291 | D:12     | Noticed a purple ugly thing
 17299 | D:12     | Killed a purple ugly thing
 17699 | D:12     | Reached **** piety under Dithmenos
 17801 | D:12     | Reached skill level 10 in Dodging
 17813 | D:12     | Reached XP level 12. HP: 60/60 MP: 18/26
 18501 | D:12     | Reached skill level 10 in Hexes
 18719 | D:12     | Reached skill level 10 in Spellcasting
 19425 | D:13     | Noticed an ogre mage
 19478 | D:13     | Killed an ogre mage
 19489 | D:13     | Noticed a two-headed ogre
 19503 | D:13     | Noticed a centaur warrior
 19511 | D:13     | Killed a two-headed ogre
 19515 | D:13     | Killed a centaur warrior
 19515 | D:13     | Reached skill level 18 in Stealth
 19605 | D:13     | Noticed a two-headed ogre
 19619 | D:13     | Killed a two-headed ogre
 19679 | D:13     | Found a gate to the Vaults.
 20156 | D:13     | Found Firel's Antique Armour Shoppe.
 20336 | D:13     | Reached XP level 13. HP: 65/65 MP: 28/28
 20449 | D:13     | Reached ***** piety under Dithmenos
 22878 | Lair:1   | Entered Level 1 of the Lair of Beasts
 23279 | Lair:1   | Reached skill level 19 in Stealth
 23583 | Lair:1   | Identified Kilue's Collected Works on Cankerous Execration
 23590 | Lair:1   | Learned a level 4 spell: Cause Fear
 23712 | Lair:1   | Reached skill level 10 in Short Blades
 24339 | Lair:2   | Gained mutation: Your flesh is cold resistant. (rC+)
                  | [potion of mutation]
 24339 | Lair:2   | Gained mutation: You are partially covered in rugged brown
                  | scales. (AC +1, +3% HP) [potion of mutation]
 24409 | Lair:2   | Found a dark tunnel.
 24420 | Volcano  | Entered a volcano
 24481 | Volcano  | Found a radiant altar of Vehumet.
 24535 | Volcano  | Reached XP level 14. HP: 69/74 MP: 20/30
 24692 | Lair:2   | Found a staircase to the Swamp.
 24885 | Lair:2   | Found a runed gate.
 24886 | Lair:2   | Found a runed gate.
 24887 | Lair:2   | Found a runed gate.
 24889 | Lair:2   | Noticed drwowa's ghost (journeyman GrBe)
 24990 | Lair:2   | Killed drwowa's ghost
 25251 | Lair:2   | Got a warped glass ring
 25253 | Lair:2   | Identified the ring "Yschaniph" {rC+ Str+3} (You found it
                  | on level 2 of the Lair of Beasts)
 25640 | Lair:2   | Reached ****** piety under Dithmenos
 26203 | Lair:3   | Found a labyrinth entrance.
 26212 | Lab      | Entered a labyrinth
 26438 | Lair:3   | Found a hole to the Spider Nest.
 26654 | Lair:3   | Noticed Snorg
 26657 | Lair:3   | Killed Snorg
 27249 | Lair:4   | Noticed Nessos
 27530 | Lair:4   | Killed Nessos
 29018 | Lair:5   | Found a staircase to the Slime Pits.
 29018 | Lair:5   | Found a viscous altar of Jiyva.
 30109 | Lair:6   | Entered Level 6 of the Lair of Beasts
 30764 | Lair:6   | Reached XP level 15. HP: 70/80 MP: 21/32
 31070 | Lair:6   | Reached skill level 20 in Stealth
 32133 | Orc:1    | Entered Level 1 of the Orcish Mines
 32144 | Orc:1    | Found a flagged portal.
 32153 | Bailey   | Entered a bailey
 32693 | Orc:1    | Found a burning altar of Makhleb.
 32821 | Orc:2    | Entered Level 2 of the Orcish Mines
 32822 | Orc:2    | Noticed an orc warlord
 33078 | Orc:2    | Noticed Donald
 33084 | Orc:2    | Killed Donald
 33098 | Orc:2    | Killed an orc warlord
 33203 | Orc:2    | Found a staircase to the Elven Halls.
 33781 | Orc:2    | Noticed an orc warlord
 33828 | Orc:2    | Killed an orc warlord
 34675 | Orc:2    | Found Xax Syll's Magic Scroll Boutique.
 34675 | Orc:2    | Found Befuffuck's Weapon Shoppe.
 34677 | Orc:2    | Found Siotupsait's Antique Armour Shoppe.
 34677 | Orc:2    | Found Ylot's Armour Boutique.
 34691 | Orc:2    | Bought the +4 robe of Augmentation {Str+4 Int+4 Dex+4} for
                  | 1428 gold pieces
 34691 | Orc:2    | Found the +4 robe of Augmentation {Str+4 Int+4 Dex+4}
 34823 | Elf:1    | Entered Level 1 of the Elven Halls
 34924 | Elf:1    | Noticed Nikola
 34934 | Elf:1    | Killed Nikola
 35063 | Elf:1    | Reached skill level 15 in Hexes
 35614 | Elf:1    | Reached skill level 15 in Dodging
 35662 | Elf:1    | Reached XP level 16. HP: 86/86 MP: 34/34
 36585 | D:15     | Entered Level 15 of the Dungeon
 36924 | D:15     | Found a staircase to the Depths.
 37012 | D:15     | Found a bloodstained altar of Trog.
 37012 | D:15     | Found an ornate altar of the Wu Jian Council.
 37013 | D:15     | Found a burning altar of Makhleb.
 37446 | D:15     | Reached skill level 21 in Stealth
 38472 | D:15     | Identified the Compendium of the Trilobite
 38517 | D:15     | Got a fine robe
 38774 | D:15     | Identified the +1 robe of Intercession {rC+ Int+2} (You
                  | took it off a centaur warrior on level 15 of the Dungeon)
 39068 | Depths:1 | Entered Level 1 of the Depths
 39496 | Depths:1 | Reached skill level 10 in Fighting
 39729 | Depths:1 | Found a gateway to a ziggurat.
 39914 | Depths:1 | Reached XP level 17. HP: 80/91 MP: 34/36
 40316 | Depths:1 | Found a gateway to Hell.
 40552 | Depths:1 | Reached XP level 18. HP: 97/97 MP: 37/37
 40716 | Depths:1 | Identified the Almanac of Excruciating Dislocation
 41073 | Depths:1 | HP: 4/97 [spark wasp (32)]
 41073 | Depths:1 | Mangled by a spark wasp

Vault maps used:
D:1:      dpeg_arrival_lava_temple_mockup, corexii_hall_statues_s
D:2:      ashenzari_conservatory_becter
D:3:      first_ration
D:4:      xom_teletrap_fun, nicolae_overflow_crystal_walls,
          cheibrodos_sewer_entry_sluice, uniq_blork_the_orc
D:5:      grunt_temple_overflow_bloody_war, nicolae_gozag_seed_capital,
          enter_ossuary_1, minivault_24
D:7:      fedhas_altar_2, minmay_temple_entry_statues, david_defended_altar_elf,
          uniq_pikel
D:8:      lemuel_crystal_altar, serial_shops, nicolae_shop_trees, shop, shop,
          shop, grunt_livestock, makhleb_heckhound_becter, uniq_psyche,
          uniq_prince_ribbit1
D:9:      lemuel_round_altar, old_standard_altar, serial_shops,
          nicolae_shop_waterfront, minmay_misc_feat_chi
D:10:     zombieorc1_lemuel, st_stairs_11, hangedman_decor_riveting,
          trog_ov_bears_minmay, uniq_urug, uniq_erolcha
D:11:     lair_entry_dummy
D:13:     david_vaults_2, serial_curves, eino_curves_03, eino_curves_02,
          serial_shops, nicolae_shop_behind_doors
D:14:     minmay_staircase_windowed_large, portal_ice_cave_entry_pillars_1
D:15:     hangedman_slaughterboxes
Temple:   minmay_temple_bridge_abc
Lair:1:   serial_bayou_pond_c, serial_bayou_shore_a,
          infiniplex_staircase_pool_2, minmay_lair_oklob_chamber
Lair:2:   minmay_swamp_entry_reptiles, nicolae_volcano_entry_hallway,
          gammafunk_ghost_split, wad_woods_02
Lair:3:   nicolae_spider_entry_non_spiders, lab_entry_generic, uniq_snorg
Lair:4:   lemuel_fruit_fields, uniq_nessos
Lair:5:   slime_altar_1, serial_bayou_shore_b
Lair:6:   gammafunk_lair_ancient_temple
Orc:1:    enter_bailey_3, basic_altar
Orc:2:    grunt_orc_tribal_feast, uniq_donald
Elf:1:    elf_arrival_001, minmay_elf_crystal_hexagon, uniq_nikola
Depths:1: enter_ziggurat_b, minivault_11, pf_vacation_house_of_asmodeus,
          kennysheep_two_boxes, grunt_megastairs_2, serial_bayou_shore_b
Depths:2: grunt_forest_end_winery, kennysheep_flooded_box, hell_entry,
          kennysheep_nondecorative_pillar, infiniplex_staircase_river,
          uniq_sojobo
Lab:      labyrinth_mini_lab, labyrinth_glass_1
Sewer:    sewer_big_baddie
Ossuary:  ossuary_tomb_2
Bailey:   bailey_axe_2, bailey
Volcano:  volcano_lake

Skill      XL: |  1  2  3  4  5  6  7  8  9 10 11 12 13 14 15 16 17 18 |
---------------+-------------------------------------------------------+-----
Spellcasting   | 3 4 5 6 8 9 10 11 12 13 14 | 14.8
Hexes          | 4 5 7 8 9 10 12 13 15 16 17 | 17.1
Stealth        | 7 9 12 15 16 17 18 19 20 21 | 21.7
Fighting       | 1 2 4 5 6 7 8 9 10 | 10.3
Short Blades   | 2 4 5 7 8 10 11 12 13 14 | 14.0
Dodging        | 6 8 10 11 12 14 15 16 | 16.4

Action                   |  1- 3 |  4- 6 |  7- 9 | 10-12 | 13-15 | 16-18 || total
-------------------------+-------+-------+-------+-------+-------+-------++-------
Melee: Dagger            |   102 |   291 |   308 |   657 |   189 |       ||  1547
       Rapier            |       |       |       |       |   769 |   406 ||  1175
Throw: Throwing net      |       |       |       |     2 |       |       ||     2
 Cast: Corona            |     4 |     1 |       |       |       |       ||     5
       Ensorcelled Hiber |    15 |    54 |    82 |   129 |   165 |    49 ||   494
       Confuse           |     2 |     5 |    41 |    71 |    59 |    47 ||   225
       Tukima's Dance    |     1 |     1 |     2 |     1 |     2 |       ||     7
       Dazzling Spray    |       |       |     3 |     3 |    39 |    22 ||    67
Invok: Shadow Step       |       |       |       |       |    11 |     3 ||    14
Evoke: Wand              |       |       |       |     5 |    11 |     1 ||    17
       Lightning rod     |       |       |       |       |     2 |       ||     2
       Lamp of fire      |       |       |       |       |     1 |       ||     1
  Use: Scroll            |     5 |    10 |     4 |    10 |    22 |     4 ||    55
       Potion            |       |       |       |     1 |    17 |     8 ||    26
 Stab: Sleeping          |    16 |    36 |    56 |   104 |   201 |    79 ||   492
       Confused          |     1 |     2 |    20 |    46 |    35 |    30 ||   134
       Distracted        |     1 |       |       |     3 |    14 |     5 ||    23
       Invisible         |       |       |     1 |     2 |    31 |     3 ||    37
       Held in net/web   |       |       |       |     4 |       |       ||     4
  Eat: Ration            |       |     3 |     5 |     5 |    10 |     3 ||    26
Armor: Robe              |     9 |    32 |    27 |    21 |    42 |    14 ||   145
Dodge: Dodged            |    58 |   277 |   198 |   356 |   960 |   258 ||  2107
Block: Other             |    20 |    77 |    63 |    65 |   166 |    63 ||   454
       Reflection        |       |       |       |     2 |     8 |     4 ||    14

Table legend:
 A = Non-vault XP
 B = Vault XP
 C = Vault XP percentage of total XP
 D = Non-vault monster count
 E = Vault monster count
 F = Vault count percentage of total count
                 A         B        C        D         E       F
            +---------+---------+-------+---------+---------+-------
      Total |  149930 |   94296 |  38.6 |     675 |     314 |  31.7
            +---------+---------+-------+---------+---------+-------
        D:1 |      22 |       0 |   0.0 |      16 |       0 |   0.0
        D:2 |      80 |       0 |   0.0 |      19 |       0 |   0.0
        D:3 |      94 |       0 |   0.0 |      34 |       0 |   0.0
        D:4 |     148 |     100 |  40.3 |      18 |       3 |  14.3
        D:5 |     894 |       3 |   0.3 |      14 |       1 |   6.7
        D:6 |     419 |       0 |   0.0 |      17 |       0 |   0.0
        D:7 |     821 |     593 |  41.9 |      19 |       1 |   5.0
        D:8 |    1484 |    1701 |  53.4 |      36 |       8 |  18.2
        D:9 |    2438 |       0 |   0.0 |      15 |       0 |   0.0
       D:10 |    1804 |    3042 |  62.8 |      34 |      34 |  50.0
       D:11 |    5172 |       0 |   0.0 |      26 |       0 |   0.0
       D:12 |    7960 |       0 |   0.0 |      45 |       0 |   0.0
       D:13 |    8970 |    2838 |  24.0 |      35 |       4 |  10.3
       D:14 |   16438 |       0 |   0.0 |      52 |       0 |   0.0
       D:15 |       0 |   39258 | 100.0 |       0 |      81 | 100.0
     Lair:1 |    5483 |       0 |   0.0 |      18 |       0 |   0.0
     Lair:2 |    4959 |    3841 |  43.6 |      25 |      15 |  37.5
     Lair:3 |    1413 |    1334 |  48.6 |       9 |       9 |  50.0
     Lair:4 |    5846 |    1110 |  16.0 |      20 |       1 |   4.8
     Lair:5 |    6662 |       0 |   0.0 |      24 |       0 |   0.0
     Lair:6 |   15615 |    8267 |  34.6 |      59 |      23 |  28.0
      Orc:1 |    2326 |       8 |   0.3 |      23 |       4 |  14.8
      Orc:2 |    6673 |    9062 |  57.6 |      35 |      31 |  47.0
      Elf:1 |   17780 |    8205 |  31.6 |      28 |       9 |  24.3
   Depths:1 |   36429 |    9262 |  20.3 |      54 |      12 |  18.2
        Lab |       0 |    1269 | 100.0 |       0 |       1 | 100.0
      Sewer |       0 |     150 | 100.0 |       0 |       6 | 100.0
    Ossuary |       0 |     519 | 100.0 |       0 |      28 | 100.0
     Bailey |       0 |     339 | 100.0 |       0 |      34 | 100.0
    Volcano |       0 |    3395 | 100.0 |       0 |       9 | 100.0
            +---------+---------+-------+---------+---------+-------
